AoeStats
← kV0t3

Arabia

508078476Analyzed
2v2 RM · 10d ago on Sep 20, 2026· 29m 42s· 4 players
Game mode
Random Map
Map size
Medium (4 player)
Population
200
Speed
Normal
Resources
Standard
Victory
Conquest
Starting age
Dark Age
Ending age
Imperial Age
RankedLock teamsTeams togetherTeam positionsShared explorationLock speedFull tech treeHidden civsTurbo modeCheats
Victory
Defeat
🇺🇸 Berbers · United States
1446
+14
🇩🇪 Mongols · Germany
1446
+14
🇦🇷 Goths · Argentina
1426
-14
🇦🇷 Inca · Argentina
1391
-14
[@LLNET]ZADBACK
0:25 Loom
10:45 Feudal Age
11:20 Double-Bit Axe
10:59 Man-at-Arms
13:21 Horse Collar
16:27 Forging
16:56 Scale Mail Armor
23:11 Castle Age
22:44 Stone Mining
24:36 Chain Mail Armor
24:54 Bow Saw
24:59 Squires
24:20 Pikeman
kV0t3
0:25 Loom
10:01 Feudal Age
11:02 Double-Bit Axe
15:24 Fletching
16:40 Padded Archer Armor
24:34 Castle Age
24:05 Wheelbarrow
25:27 Bow Saw
24:38 Crossbowman
25:19 Bodkin Arrow
26:26 Leather Archer Armor
27:16 Ballistics
29:37 Wheelbarrow
28:44 Horse Collar
28:55 Gold Mining
29:11 Elite Skirmisher
V-Dub | Darius
6:29 Loom
9:06 Feudal Age
13:51 Double-Bit Axe
20:25 Scale Barding Armor
20:32 Forging
23:36 Castle Age
22:44 Bloodlines
22:41 Scale Barding Armor
23:19 Horse Collar
23:53 Gold Mining
25:03 Chain Barding Armor
24:53 Husbandry
25:52 Wheelbarrow
29:31 Iron Casting
V-Dub | Andi
6:42 Loom
9:03 Feudal Age
9:47 Double-Bit Axe
11:51 Fletching
16:07 Wheelbarrow
21:21 Castle Age
19:49 Horse Collar
20:00 Gold Mining
20:46 Padded Archer Armor
22:17 Bodkin Arrow
21:48 Crossbowman
24:18 Thumb Ring
26:09 Ballistics
Connection lost

Rejoining the realm…

Still unreachable

The connection could not be restored.

Session expired

The server has moved on; the page needs a fresh start.